[Event "ICC tourney 2580 (30 10)"]
[Site "Internet Chess Club"]
[Date "2021.05.22"]
[Round "3"]
[White "STIEGLITZ, RHYS BENJAMIN:RhysieB"]
[Black "DASARI, ADIT RAJ:AlectroGamerAD"]
[Result "1-0"]
[ICCResult "Black checkmated"]
[WhiteElo "1000"]
[BlackElo "920"]
[Opening "Scotch gambit"]
[ECO "C44"]
[NIC "SO.06"]
[Time "15:01:07"]
[PlyCount "43"]
[TimeControl "1800+10"]

1. e4 e5 2. Nf3 Nc6 3. d4 exd4 4. Bc4 h6 5. c3 dxc3 6. Nxc3 d6 7. Qb3 Qe7
8. O-O Be6 9. Bxe6 fxe6 10. Qxb7 Qd8 11. Qxc6+ Kf7 12. e5 dxe5 13. Nxe5+
Kf6 14. Qe4 Ne7 15. Rd1 Qe8 16. Qf4+ Nf5 17. Nd7+ Kg6 18. Qg4+ Kf7 19. Ne5+
Ke7 20. Rd7+ Kf6 21. Rf7+ Kxe5 22. Qf4# { Black checkmated } 1-0

[Event "ICC tourney 2580 (30 10)"]
[Site "Internet Chess Club"]
[Date "2021.05.22"]
[Round "3"]
[White "GUAN, MARIE:marieplaychess"]
[Black "Sajja, Sampath:sampathsajja"]
[Result "1-0"]
[ICCResult "Black resigns"]
[WhiteElo "951"]
[BlackElo "761"]
[Opening "Scotch: Schmidt variation"]
[ECO "C45"]
[NIC "SO.04"]
[Time "15:00:38"]
[PlyCount "59"]
[TimeControl "1800+10"]

1. e4 e5 2. Nf3 Nc6 3. d4 exd4 4. Nxd4 Nf6 5. Nc3 Bb4 6. Nxc6 bxc6 7. e5
Qe7 8. Qe2 Bxc3+ 9. bxc3 Nd5 10. c4 Ba6 11. Bb2 Nb6 12. Qg4 d6 13. Qxg7
O-O-O 14. Qg4+ Kb8 15. Qe4 dxe5 16. Qxc6 Qb4+ 17. Ke2 Qd2+ 18. Kf3 Bb7 19.
Qxb7+ Kxb7 20. Bd3 Qf4+ 21. Ke2 e4 22. Bxh8 exd3+ 23. cxd3 Qe5+ 24. Bxe5
Nd7 25. Rab1+ Kc8 26. Bg3 Re8+ 27. Kd2 Nc5 28. Rbe1 Rxe1 29. Rxe1 Kb7 30.
Re7 { Black resigns } 1-0

[Event "ICC tourney 2580 (30 10)"]
[Site "Internet Chess Club"]
[Date "2021.05.22"]
[Round "3"]
[White "ADUSUMALLI, ANIRUDH SAI:Anichess2009"]
[Black "BUTENKO, ZLATA:butik666"]
[Result "1-0"]
[ICCResult "Black checkmated"]
[WhiteElo "886"]
[BlackElo "1051"]
[Opening "Ruy Lopez: classical (Cordel) defense"]
[ECO "C64"]
[NIC "RL.01"]
[Time "15:00:39"]
[PlyCount "147"]
[TimeControl "1800+10"]

1. e4 e5 2. Nf3 Nc6 3. Bb5 Bc5 4. O-O d6 5. h3 Nf6 6. d3 h6 7. Nc3 O-O 8.
Be3 Be6 9. Bxc5 dxc5 10. Bxc6 bxc6 11. Nxe5 Bd7 12. Nxd7 Qxd7 13. Na4 Qd6
14. Re1 Nd7 15. Qf3 Ne5 16. Qg3 Rae8 17. f4 Ng6 18. e5 Qd4+ 19. Qe3 Qxa4
20. Qxc5 Nxf4 21. b3 Qa6 22. Rf1 Ng6 23. d4 Ne7 24. c4 Ng6 25. a4 Rd8 26.
Rae1 Qb7 27. b4 Rb8 28. b5 Ra8 29. Rb1 Qc8 30. Qxc6 Qe6 31. Qxc7 Rfc8 32.
d5 Rxc7 33. dxe6 fxe6 34. Rbc1 Nxe5 35. Rf4 Rac8 36. Re4 Rxc4 37. Rcxc4
Nxc4 38. Rxe6 Nb2 39. Ra6 Rc4 40. a5 Ra4 41. Rxa7 Nc4 42. a6 Rb4 43. Rb7
Nd6 44. Rb8+ Kh7 45. a7 Ra4 46. b6 Nc4 47. b7 Ra1+ 48. Kh2 Nb6 49. a8=Q
Nxa8 50. Rxa8 Rxa8 51. bxa8=Q Kg6 52. Qe4+ Kf7 53. Qh7 Kf6 54. g4 Kf7 55.
h4 Kf6 56. Kg3 Kf7 57. Kf4 Kf6 58. h5 Kf7 59. Kf5 Kf8 60. Kg6 Ke8 61. Qxg7
Kd8 62. Qxh6 Kc8 63. Qg5 Kd7 64. h6 Ke8 65. h7 Kd7 66. h8=Q Ke6 67. Qgf6+
Kd5 68. Kf7 Kc4 69. g5 Kc5 70. g6 Kd5 71. g7 Ke4 72. g8=Q Ke3 73. Qg3+ Ke4
74. Qfe5# { Black checkmated } 1-0

[Event "ICC tourney 2580 (30 10)"]
[Site "Internet Chess Club"]
[Date "2021.05.22"]
[Round "3"]
[White "Bi, Lige:Bilige1103"]
[Black "ZENG, CALEB:calebzeng"]
[Result "1/2-1/2"]
[ICCResult "Game drawn by repetition"]
[WhiteElo "829"]
[BlackElo "957"]
[Opening "QGD: symmetrical (Austrian) defense"]
[ECO "D06"]
[NIC "QP.08"]
[Time "15:00:47"]
[PlyCount "229"]
[TimeControl "1800+10"]

1. d4 d5 2. c4 c5 3. dxc5 dxc4 4. Qa4+ Nc6 5. Qxc4 e6 6. Nf3 Qa5+ 7. Bd2
Qxc5 8. e3 Nf6 9. Qxc5 Bxc5 10. Bc4 Bd7 11. O-O O-O 12. a3 Rfd8 13. b4 Be7
14. b5 Nb8 15. a4 a6 16. b6 Bc6 17. Nd4 Bc5 18. Bc3 Bxb6 19. Nxc6 Nxc6 20.
Nd2 Nd5 21. Bb2 Nxe3 22. Nf3 Nxf1 23. Rxf1 Nd4 24. Ne5 Nc6 25. Nxc6 bxc6
26. Bc3 Rd7 27. h3 Rad8 28. Be2 Bd4 29. Ba5 Rb8 30. Kh2 Be5+ 31. f4 Bb2 32.
Bf3 c5 33. Rb1 Rd3 34. Bc7 Rb4 35. Ba5 Ba3 36. Bxb4 cxb4 37. Bd1 a5 38. Kg1
Rc3 39. Kf2 Kf8 40. Bf3 b3 41. Ke2 b2 42. Kd2 Rc1 43. Be4 f5 44. Bd3 Ke7
45. Bc2 Kd6 46. Kc3 Kc5 47. Kb3 Rxb1 48. Bxb1 Bb4 49. Kxb2 Kd4 50. Bc2 h6
51. Bd1 e5 52. fxe5 Kxe5 53. Bf3 g5 54. Kb3 Kf4 55. Kc4 g4 56. hxg4 fxg4
57. Bb7 h5 58. Kd3 h4 59. Ke2 h3 60. gxh3 gxh3 61. Kf2 Bc5+ 62. Kf1 Kg3 63.
Bc6 h2 64. Bb7 Bg1 65. Bc6 Kf4 66. Bb7 Ke3 67. Bc6 Kd3 68. Kg2 Kd4 69. Bb5
Kc5 70. Kh1 Kb4 71. Kg2 Ka3 72. Kh1 Kb2 73. Kg2 Kc3 74. Kh1 Kd4 75. Kg2 Ke3
76. Kh1 Kf3 77. Bc6+ Kg3 78. Bb5 Bf2 79. Bc6 Bc5 80. Be4 Kf4 81. Bc6 Bg1
82. Kg2 Ke3 83. Kh1 Kf2 84. Bg2 Kg3 85. Bc6 Bc5 86. Bd5 Kf4 87. Bc4 Ke5 88.
Kxh2 Kd4 89. Bb5 Bb4 90. Kg3 Kc5 91. Kf4 Bc3 92. Ke3 Kb4 93. Kd3 Be5 94.
Ke4 Bc3 95. Kd3 Bh8 96. Ke4 Bf6 97. Kd3 Ba1 98. Ke4 Bb2 99. Kd3 Ba3 100.
Ke4 Bb2 101. Kd3 Bc1 102. Kc2 Bg5 103. Kd3 Bh6 104. Ke4 Bg7 105. Kd5 Bc3
106. Kc6 Bb2 107. Kb6 Bf6 108. Ka6 Bd8 109. Kb7 Be7 110. Kc6 Bf6 111. Kd6
Bg5 112. Ke5 Bh4 113. Kf4 Be1 114. Ke3 Bc3 115. Kd3 { Game drawn by
repetition } 1/2-1/2

[Event "ICC tourney 2580 (30 10)"]
[Site "Internet Chess Club"]
[Date "2021.05.22"]
[Round "3"]
[White "TRAN, NGUYEN NAM:nguyencaptures"]
[Black "SINTON, LUC:LucSinton"]
[Result "1-0"]
[ICCResult "Black checkmated"]
[WhiteElo "1021"]
[BlackElo "674"]
[Opening "Two knights defense"]
[ECO "C55"]
[NIC "KP.02"]
[Time "15:00:41"]
[PlyCount "77"]
[TimeControl "1800+10"]

1. e4 e5 2. Nf3 Nc6 3. Bc4 Nf6 4. d4 exd4 5. O-O Bc5 6. Re1 O-O 7. Bg5 h6
8. Bf4 Re8 9. e5 Nh7 10. a3 d6 11. exd6 Rxe1+ 12. Qxe1 Bxd6 13. Bxd6 Qxd6
14. Nbd2 Bg4 15. h3 Bxf3 16. Nxf3 Qc5 17. Qe2 Kf8 18. b4 Qd6 19. Rd1 f6 20.
c3 Re8 21. Qc2 Ne5 22. Nxe5 Rxe5 23. Qxh7 Ke8 24. Qg8+ Ke7 25. Qxg7+ Ke8
26. Qf7+ Kd8 27. Rxd4 Re1+ 28. Bf1 Rxf1+ 29. Kxf1 Qxd4 30. cxd4 b6 31.
Qxf6+ Kc8 32. Qxh6 b5 33. f4 a6 34. f5 Kb7 35. f6 Kb6 36. f7+ Kb7 37. f8=Q
c6 38. Qhg7+ Kb6 39. Qd8# { Black checkmated } 1-0

[Event "ICC tourney 2580 (30 10)"]
[Site "Internet Chess Club"]
[Date "2021.05.22"]
[Round "3"]
[White "BHOSALE, ARNAV:avbhosale"]
[Black "Park, Lucas:chesspen20"]
[Result "1-0"]
[ICCResult "Black checkmated"]
[WhiteElo "752"]
[BlackElo "1034"]
[Opening "Caro-Kann: exchange variation"]
[ECO "B13"]
[NIC "CK.02"]
[Time "15:01:04"]
[PlyCount "119"]
[TimeControl "1800+10"]

1. e4 c6 2. d4 d5 3. exd5 cxd5 4. Bb5+ Nc6 5. Nf3 Bg4 6. Bxc6+ bxc6 7. Nc3
Nf6 8. h3 Bh5 9. Bg5 e6 10. g4 Bg6 11. Qe2 c5 12. Bxf6 Qxf6 13. Qb5+ Kd8
14. Qa5+ Kd7 15. Qb5+ Kc7 16. Qa5+ Kd6 17. Nb5+ Kc6 18. Qa6+ Kd7 19. Qb7+
Ke8 20. Qxa8+ Qd8 21. Qc6+ Qd7 22. Qxd7+ Kxd7 23. Ne5+ Ke7 24. Nxg6+ hxg6
25. dxc5 Kd7 26. Nxa7 Bxc5 27. Nb5 Kc6 28. Nc3 Bb4 29. O-O-O Rd8 30. a3 Bc5
31. Ne4 Be7 32. Ng3 Bc5 33. Rd2 f5 34. gxf5 gxf5 35. b4 Bd6 36. Rd3 g6 37.
Ne2 e5 38. Rg1 Rg8 39. Rdg3 Kd7 40. Rxg6 Rf8 41. h4 Be7 42. h5 Bh4 43. Rg7+
Ke8 44. Rg8 Bxf2 45. Rxf8+ Kxf8 46. a4 Be3+ 47. Kb2 f4 48. h6 Bxg1 49. Nxg1
e4 50. h7 Kg7 51. b5 e3 52. b6 f3 53. Nxf3 e2 54. b7 d4 55. b8=Q Kxh7 56.
Qc7+ Kg6 57. Qd6+ Kf7 58. Ne5+ Kg7 59. Qg6+ Kh8 60. Nf7# { Black checkmated
} 1-0

[Event "ICC tourney 2580 (30 10)"]
[Site "Internet Chess Club"]
[Date "2021.05.22"]
[Round "3"]
[White "Cheng, Samuel:Samuel1001"]
[Black "SPANTZEL, ARNOLD:ThorGodOfBlitz"]
[Result "0-1"]
[ICCResult "White forfeits on time"]
[WhiteElo "942"]
[BlackElo "1082"]
[Opening "Giuoco Piano"]
[ECO "C54"]
[NIC "IG.02"]
[Time "15:01:07"]
[PlyCount "78"]
[TimeControl "1800+10"]

1. e4 e5 2. Nf3 Nc6 3. Bc4 Bc5 4. c3 Nf6 5. d4 exd4 6. cxd4 Bb4+ 7. Bd2
Bxd2+ 8. Nbxd2 O-O 9. e5 Ne8 10. O-O d5 11. Bd3 Bg4 12. Nb3 f6 13. exf6
Qxf6 14. Re1 Bxf3 15. gxf3 Qxf3 16. Qxf3 Rxf3 17. Rad1 Nd6 18. Re3 Rxe3 19.
fxe3 Re8 20. Kf2 Nb4 21. a3 Nxd3+ 22. Rxd3 Ne4+ 23. Kf3 Rf8+ 24. Kg2 Rf2+
25. Kh3 Rxb2 26. Kh4 g5+ 27. Kh5 Rxh2+ 28. Kg4 Nf2+ 29. Kg3 Nxd3 30. Kxh2
Nb2 31. Nc5 Nd1 32. Nxb7 Nxe3 33. Nd8 Nc2 34. Ne6 Nxa3 35. Nxc7 Nc2 36.
Nxd5 Nxd4 37. Kg3 Kg7 38. Kg4 h6 39. Kh5 a5 { White forfeits on time } 0-1

[Event "ICC tourney 2580 (30 10)"]
[Site "Internet Chess Club"]
[Date "2021.05.22"]
[Round "3"]
[White "SRIDHAR, VINAY:VinaySridhar"]
[Black "BANERJEE, ISHAAN:ishban"]
[Result "0-1"]
[ICCResult "White checkmated"]
[WhiteElo "1054"]
[BlackElo "945"]
[Opening "Nimzo-Indian defense"]
[ECO "E20"]
[NIC "NI.30"]
[Time "15:00:40"]
[PlyCount "152"]
[TimeControl "1800+10"]

1. d4 Nf6 2. c4 e6 3. Nc3 Bb4 4. Bd2 d5 5. e3 Bd7 6. Nf3 O-O 7. Bd3 dxc4 8.
Bxc4 c5 9. O-O Nc6 10. a3 cxd4 11. exd4 Ba5 12. Rc1 Qb6 13. Na4 Qc7 14. Bg5
Ne4 15. Bh4 a6 16. Nc3 Nxc3 17. bxc3 Ne7 18. Qd3 Ng6 19. Bg3 Qc6 20. Ne5
Nxe5 21. Bxe5 Rac8 22. Bb3 Bc7 23. Rfe1 f6 24. Bg3 Bxg3 25. Qxg3 Rfe8 26.
Qe3 Kf7 27. Red1 Qd6 28. d5 e5 29. c4 Qxa3 30. Rc3 Qc5 31. Qd3 Qd4 32. Qf3
Bg4 33. Rxd4 Bxf3 34. Rdd3 Be2 35. Re3 Bh5 36. Rh3 Bg6 37. g3 Bf5 38. Rh4
g5 39. Rh5 Kg6 40. Bd1 b5 41. g4 Bd7 42. Rhh3 bxc4 43. Rhe3 a5 44. Re4 Bb5
45. Be2 Red8 46. Bxc4 Bxc4 47. Rexc4 Rxc4 48. Rxc4 Rxd5 49. Ra4 h5 50.
gxh5+ Kxh5 51. Kg2 Rb5 52. Kf3 Kg6 53. Ke4 Rb4+ 54. Rxb4 axb4 55. Kd3 Kf5
56. Kc4 Kf4 57. Kxb4 Kf3 58. Kc4 Kxf2 59. Kd3 Kg2 60. Ke4 Kxh2 61. Kf5 Kg3
62. Ke4 g4 63. Kf5 Kf3 64. Kxf6 g3 65. Kf5 g2 66. Kxe5 g1=Q 67. Kf5 Qc5+
68. Kg6 Kg4 69. Kf6 Qd6+ 70. Kf7 Kf5 71. Kg7 Qf6+ 72. Kh7 Qg5 73. Kh8 Kf6
74. Kh7 Qh5+ 75. Kg8 Qg6+ 76. Kh8 Qg7# { White checkmated } 0-1

[Event "ICC tourney 2580 (30 10)"]
[Site "Internet Chess Club"]
[Date "2021.05.22"]
[Round "3"]
[White "NGUYEN, THANH VIET:thanhcaptures"]
[Black "TONG, IAN:Iantong18"]
[Result "0-1"]
[ICCResult "White checkmated"]
[WhiteElo "1187"]
[BlackElo "918"]
[Opening "two knights: Max Lange attack, Krause variation"]
[ECO "C55"]
[NIC "KP.02"]
[Time "15:00:37"]
[PlyCount "166"]
[TimeControl "1800+10"]

1. e4 e5 2. Nf3 Nc6 3. Bc4 Nf6 4. d4 exd4 5. O-O Bc5 6. e5 Ng4 7. c3 d3 8.
Qxd3 Ngxe5 9. Re1 f6 10. Qd5 Qe7 11. Nxe5 Nxe5 12. Re2 d6 13. b4 Bb6 14.
Kh1 c6 15. Qd1 Bg4 16. f3 Bh5 17. g4 Bg6 18. f4 d5 19. f5 dxc4 20. fxg6
hxg6 21. Qe1 g5 22. Bxg5 Bc7 23. Bf4 Kf7 24. g5 Rh5 25. h4 Rah8 26. gxf6
gxf6 27. Bg3 Qd6 28. Nd2 Qd5+ 29. Kg1 Qxd2 30. Rxd2 Nf3+ 31. Kf2 Nxe1 32.
Rxe1 Bb6+ 33. Kf1 Rf5+ 34. Kg2 Kg6 35. Re4 Kh5 36. Rxc4 Be3 37. Rd7 Rg8 38.
Kh2 Rf3 39. Rh7+ Kg6 40. Rxb7 Kh6 41. Rd7 Rgxg3 42. Rxc6 Rh3+ 43. Kg2 Rfg3+
44. Kf1 Rh1+ 45. Ke2 Rh2+ 46. Kd3 Bf2+ 47. Kc4 Rxh4+ 48. Kb3 Kg6 49. Rcc7
Kf5 50. Rd5+ Kg4 51. Rc4+ Kh3 52. Rxh4+ Kxh4 53. Rf5 Be1 54. Rc5 Bf2 55.
Rc6 Be1 56. Rc7 f5 57. a4 f4 58. Rc4 Kg4 59. a5 Rxc3+ 60. Rxc3 Bxc3 61.
Kxc3 f3 62. b5 f2 63. b6 axb6 64. axb6 f1=Q 65. Kb4 Qb1+ 66. Ka5 Qf5+ 67.
Ka6 Qc8+ 68. Ka7 Qc5 69. Ka6 Qc6 70. Ka7 Qa4+ 71. Kb8 Qa6 72. b7 Kf5 73.
Kc7 Qa5+ 74. Kc8 Qc5+ 75. Kd7 Qb5+ 76. Kc8 Qc6+ 77. Kb8 Ke6 78. Ka7 Qc5+
79. Ka6 Qc6+ 80. Ka7 Qc7 81. Ka8 Qa5+ 82. Kb8 Kd6 83. Kc8 Qc7# { White
checkmated } 0-1

[Event "ICC tourney 2580 (30 10)"]
[Site "Internet Chess Club"]
[Date "2021.05.22"]
[Round "4"]
[White "VILLEGAS, HOWARD ANDREI:HowardAV5223"]
[Black "TONG, IAN:Iantong18"]
[Result "1-0"]
[ICCResult "Black checkmated"]
[WhiteElo "922"]
[BlackElo "918"]
[Opening "Vienna gambit"]
[ECO "C29"]
[NIC "VG.04"]
[Time "17:01:06"]
[PlyCount "35"]
[TimeControl "1800+10"]

1. e4 e5 2. Nc3 Nf6 3. f4 exf4 4. e5 Ng8 5. d4 f6 6. Bxf4 Nc6 7. Nf3 Bb4 8.
Qd2 d6 9. O-O-O Bg4 10. Bb5 Qd7 11. d5 O-O-O 12. dxc6 bxc6 13. Ba6+ Kb8 14.
exd6 cxd6 15. Qd4 Bc5 16. Qxc5 Bxf3 17. gxf3 Kc7 18. Qxa7# { Black
checkmated } 1-0

[Event "ICC tourney 2580 (30 10)"]
[Site "Internet Chess Club"]
[Date "2021.05.22"]
[Round "4"]
[White "Park, Lucas:chesspen20"]
[Black "SINTON, LUC:LucSinton"]
[Result "1-0"]
[ICCResult "Black checkmated"]
[WhiteElo "1034"]
[BlackElo "674"]
[Opening "QGD Slav defense"]
[ECO "D10"]
[NIC "SL.01"]
[Time "17:01:05"]
[PlyCount "55"]
[TimeControl "1800+10"]

1. d4 d5 2. c4 c6 3. Nc3 Bf5 4. Nf3 e6 5. Bf4 Nd7 6. e3 Bb4 7. Bd3 Bxd3 8.
Qxd3 Ngf6 9. O-O Bxc3 10. bxc3 O-O 11. cxd5 Nxd5 12. Rab1 Nxf4 13. exf4 b6
14. Rfc1 Nc5 15. Qe3 Nb7 16. Ne5 c5 17. dxc5 Nxc5 18. Nc6 Qd7 19. Nd4 Rfd8
20. Qf3 f6 21. Rd1 Qa4 22. Nb3 Nxb3 23. axb3 Qa3 24. Rxd8+ Rxd8 25. Qe2 Rc8
26. Qxe6+ Kh8 27. Qxc8+ Qf8 28. Qxf8# { Black checkmated } 1-0

[Event "ICC tourney 2580 (30 10)"]
[Site "Internet Chess Club"]
[Date "2021.05.22"]
[Round "4"]
[White "STIEGLITZ, RHYS BENJAMIN:RhysieB"]
[Black "BHOSALE, ARNAV:avbhosale"]
[Result "1-0"]
[ICCResult "Black checkmated"]
[WhiteElo "1000"]
[BlackElo "752"]
[Opening "Scotch gambit"]
[ECO "C44"]
[NIC "SO.06"]
[Time "17:01:07"]
[PlyCount "79"]
[TimeControl "1800+10"]

1. e4 e5 2. Nf3 Nc6 3. d4 exd4 4. Bc4 f6 5. c3 dxc3 6. Qb3 Qe7 7. Bxg8 cxb2
8. Bxb2 Na5 9. Qd5 Nc6 10. O-O Nb4 11. Qb3 a5 12. Bc4 a4 13. Qc3 a3 14.
Bxa3 c5 15. e5 f5 16. Bxb4 cxb4 17. Qd3 g6 18. Nbd2 Bg7 19. Rac1 Ra3 20.
Qe2 d6 21. Bb5+ Kf7 22. Rfe1 d5 23. e6+ Kf8 24. Ng5 Bb2 25. Rxc8+ Kg7 26.
Rxh8 Kxh8 27. Nc4 dxc4 28. Qxb2+ c3 29. Qc2 Ra5 30. Qd3 Kg7 31. Qd4+ Kh6
32. Qh4+ Kg7 33. Qxh7+ Kf6 34. Qf7+ Qxf7 35. exf7 Ra8 36. Re8 Rxa2 37.
f8=Q+ Kxg5 38. Qe7+ Kg4 39. f3+ Kf4 40. Qe3# { Black checkmated } 1-0

[Event "ICC tourney 2580 (30 10)"]
[Site "Internet Chess Club"]
[Date "2021.05.22"]
[Round "4"]
[White "SPANTZEL, ARNOLD:ThorGodOfBlitz"]
[Black "GUAN, MARIE:marieplaychess"]
[Result "1-0"]
[ICCResult "Black checkmated"]
[WhiteElo "1082"]
[BlackElo "951"]
[Opening "French: Winawer (Nimzovich) variation"]
[ECO "C15"]
[NIC "FR.08"]
[Time "17:01:06"]
[PlyCount "101"]
[TimeControl "1800+10"]

1. e4 e6 2. d4 d5 3. Nc3 Bb4 4. Bd3 Qd7 5. Bd2 Ne7 6. Nf3 b6 7. O-O Ba6 8.
Bxa6 Nxa6 9. exd5 exd5 10. Re1 O-O 11. Qe2 Rfd8 12. Qxa6 Qg4 13. Qe2 Nc6
14. a3 Bd6 15. Nxd5 Nxd4 16. Qd3 Nxf3+ 17. Qxf3 Qxf3 18. gxf3 Bxh2+ 19.
Kxh2 Rxd5 20. Bc3 Rf5 21. Re3 Rh5+ 22. Kg1 Rg5+ 23. Kf1 Rh5 24. Ke2 h6 25.
Rg1 g6 26. Re7 c6 27. Rd1 Kf8 28. Rdd7 Rg5 29. Rxf7+ Kg8 30. Rxa7 Rxa7 31.
Rxa7 h5 32. Ra4 Kf7 33. Rf4+ Ke7 34. Bf6+ Ke6 35. Bxg5 b5 36. c4 Ke5 37.
cxb5 cxb5 38. Rb4 Kd5 39. Kd3 Kc5 40. Be7+ Kc6 41. Kd4 Kb6 42. Bh4 Kc6 43.
a4 bxa4 44. Rxa4 Kb5 45. Ra8 Kb4 46. Rb8+ Ka5 47. Kc5 Ka4 48. Rb7 g5 49.
Bxg5 h4 50. Bxh4 Ka5 51. Ra7# { Black checkmated } 1-0

[Event "ICC tourney 2580 (30 10)"]
[Site "Internet Chess Club"]
[Date "2021.05.22"]
[Round "4"]
[White "DASARI, ADIT RAJ:AlectroGamerAD"]
[Black "AGGARWAL, AYAAN:ayaanagg"]
[Result "1-0"]
[ICCResult "Black checkmated"]
[WhiteElo "920"]
[BlackElo "869"]
[Opening "Sicilian defense"]
[ECO "B27"]
[NIC "SI.43"]
[Time "17:01:08"]
[PlyCount "93"]
[TimeControl "1800+10"]

1. e4 c5 2. Nf3 e5 3. Nxe5 Bd6 4. Nf3 Nc6 5. Bc4 Nf6 6. Nc3 O-O 7. O-O h6
8. h3 Bc7 9. Nd5 Nxe4 10. Nxc7 Qxc7 11. d3 Nf6 12. g3 d5 13. Bf4 Qd7 14.
Bb5 Qxh3 15. Bxc6 bxc6 16. Re1 Ng4 17. c4 d4 18. Qa4 Bd7 19. a3 Rab8 20. b4
cxb4 21. axb4 Rfd8 22. Re4 c5 23. b5 Rb7 24. Qa5 Rdb8 25. Rb1 Ra8 26. b6 a6
27. Rb5 Bxb5 28. cxb5 Nf6 29. bxa6 Nxe4 30. dxe4 Re7 31. Qxc5 d3 32. Qxe7
Rxa6 33. b7 Rb6 34. b8=Q+ Rxb8 35. Bxb8 Qc8 36. Qc7 Qg4 37. Qd8+ Kh7 38.
Qxd3 h5 39. e5+ g6 40. Bd6 f5 41. exf6 Qe6 42. Be7 Kh6 43. Qe3+ Qxe3 44.
fxe3 Kh7 45. f7 Kg7 46. f8=Q+ Kh7 47. Ng5# { Black checkmated } 1-0

[Event "ICC tourney 2580 (30 10)"]
[Site "Internet Chess Club"]
[Date "2021.05.22"]
[Round "4"]
[White "BANERJEE, ISHAAN:ishban"]
[Black "Bi, Lige:Bilige1103"]
[Result "0-1"]
[ICCResult "White resigns"]
[WhiteElo "945"]
[BlackElo "829"]
[Opening "English opening"]
[ECO "A16"]
[NIC "EO.64"]
[Time "17:01:06"]
[PlyCount "126"]
[TimeControl "1800+10"]

1. c4 Nf6 2. Nc3 g6 3. Nf3 d6 4. g3 Bg7 5. Bg2 O-O 6. O-O e5 7. d3 Nc6 8.
a3 a5 9. Bg5 Be6 10. Qd2 Qd7 11. Bh6 Bh3 12. Bxg7 Kxg7 13. Ng5 Bxg2 14.
Kxg2 Nd4 15. Rae1 Qc6+ 16. Kg1 h6 17. Nge4 Nxe4 18. Nxe4 Nb3 19. Qc3 a4 20.
f4 Qb6+ 21. Kg2 Qd4 22. Qxd4 Nxd4 23. fxe5 dxe5 24. e3 Nb3 25. Rf2 f5 26.
Nd2 Nxd2 27. Rxd2 c5 28. Rf2 Rad8 29. Rd1 Rd7 30. Rfd2 Rfd8 31. Kf2 g5 32.
Ke2 Kf6 33. Rf1 Kg6 34. Rb1 e4 35. Rbd1 exd3+ 36. Rxd3 Rxd3 37. Rxd3 Rxd3
38. Kxd3 Kh5 39. h3 Kg6 40. Ke2 Kf6 41. Kf3 Ke5 42. g4 fxg4+ 43. hxg4 b6
44. Kf2 Kd6 45. e4 Ke5 46. Ke3 Ke6 47. Kd3 Ke5 48. Ke3 Kd6 49. Kd3 Ke6 50.
Ke2 Kf6 51. Kf3 Ke6 52. Ke2 Kd6 53. Kd3 Ke6 54. Ke2 Kf6 55. Kf3 Ke7 56. e5
Kf7 57. Ke4 Ke6 58. Ke3 Kxe5 59. Kd3 Kf4 60. Kc3 Kxg4 61. b3 Kf4 62. b4 g4
63. bxc5 bxc5 { White resigns } 0-1

[Event "ICC tourney 2580 (30 10)"]
[Site "Internet Chess Club"]
[Date "2021.05.22"]
[Round "4"]
[White "Sajja, Sampath:sampathsajja"]
[Black "NGUYEN, THANH VIET:thanhcaptures"]
[Result "0-1"]
[ICCResult "White checkmated"]
[WhiteElo "761"]
[BlackElo "1187"]
[Opening "Ponziani: Jaenisch counter-attack"]
[ECO "C44"]
[NIC "KP.05"]
[Time "17:01:05"]
[PlyCount "96"]
[TimeControl "1800+10"]

1. e4 e5 2. Nf3 Nc6 3. c3 Nf6 4. d4 exd4 5. cxd4 Nxe4 6. d5 Ne7 7. Bd3 Nd6
8. Nc3 g6 9. O-O Bg7 10. Bc2 O-O 11. Be3 Nc4 12. Bd4 Nxb2 13. Qd2 Nc4 14.
Qd3 Nd6 15. Bxg7 Kxg7 16. Qd4+ f6 17. Qh4 Nef5 18. Bxf5 Nxf5 19. Qg4 d6 20.
Nh4 Ne3 21. Qg3 Nxf1 22. Rxf1 Qe7 23. h3 Qe5 24. f4 Qd4+ 25. Kh2 f5 26. Qf3
Re8 27. Ne2 Qe4 28. Qxe4 Rxe4 29. Rf2 Bd7 30. Ng3 Re7 31. Ne2 Rae8 32. Ng1
a5 33. g3 b5 34. Rg2 b4 35. Nhf3 a4 36. Nh4 b3 37. axb3 axb3 38. g4 fxg4
39. hxg4 Rb8 40. Nf5+ gxf5 41. gxf5+ Kf6 42. Rg5 b2 43. Ne2 Rxe2+ 44. Kh3
b1=Q 45. Rg2 Qh1+ 46. Kg3 Qxg2+ 47. Kh4 Rb1 48. Kh5 Rh1# { White checkmated
} 0-1

[Event "ICC tourney 2580 (30 10)"]
[Site "Internet Chess Club"]
[Date "2021.05.22"]
[Round "4"]
[White "GOUW, KEVIAN:grandmasted"]
[Black "Cheng, Samuel:Samuel1001"]
[Result "0-1"]
[ICCResult "White checkmated"]
[WhiteElo "803"]
[BlackElo "942"]
[Opening "King's Indian: 5.Nf3"]
[ECO "E90"]
[NIC "KI.21"]
[Time "17:01:08"]
[PlyCount "124"]
[TimeControl "1800+10"]

1. d4 Nf6 2. c4 g6 3. Nc3 Bg7 4. e4 d6 5. Nf3 O-O 6. Bf4 b6 7. Qd2 Bb7 8.
Bd3 Nbd7 9. Bh6 c5 10. d5 Bxh6 11. Qxh6 Ng4 12. Qd2 Nge5 13. Nxe5 Nxe5 14.
f4 Nd7 15. f5 Ne5 16. fxg6 fxg6 17. O-O-O Qd7 18. Rhf1 Qg4 19. g3 Qh5 20.
Bc2 Nxc4 21. Qd3 Ne5 22. Qe2 Qxe2 23. Nxe2 Rxf1 24. Rxf1 Ba6 25. Re1 Nf3
26. Rf1 Bxe2 27. Rf2 Nd4 28. Kd2 Ba6 29. Bd3 Bxd3 30. Kxd3 Rf8 31. Rxf8+
Kxf8 32. b3 Kf7 33. g4 Kf6 34. h4 Ke5 35. Ke3 b5 36. g5 Nc2+ 37. Kd3 Nb4+
38. Ke3 Nxa2 39. Kf3 Nc3 40. Ke3 Nxe4 41. Kd3 Kxd5 42. Ke3 Ke5 43. Kd3 Kf5
44. Ke3 d5 45. Kf3 a5 46. Ke3 a4 47. bxa4 bxa4 48. Kd3 Kg4 49. Kc2 Kxh4 50.
Kb2 Kxg5 51. Ka3 d4 52. Kxa4 d3 53. Kb3 c4+ 54. Kb2 c3+ 55. Kc1 d2+ 56. Kd1
Nf2+ 57. Ke2 d1=Q+ 58. Kxf2 c2 59. Kg2 c1=Q 60. Kf2 Qc5+ 61. Kg2 Qcg1+ 62.
Kh3 Qh5# { White checkmated } 0-1

[Event "ICC tourney 2580 (30 10)"]
[Site "Internet Chess Club"]
[Date "2021.05.22"]
[Round "4"]
[White "ZENG, CALEB:calebzeng"]
[Black "SRIDHAR, VINAY:VinaySridhar"]
[Result "0-1"]
[ICCResult "White checkmated"]
[WhiteElo "957"]
[BlackElo "1054"]
[Opening "Ruy Lopez: Berlin defense"]
[ECO "C65"]
[NIC "RL.07"]
[Time "17:01:04"]
[PlyCount "110"]
[TimeControl "1800+10"]

1. e4 e5 2. Nf3 Nc6 3. Bb5 Nf6 4. Bxc6 dxc6 5. Nc3 Bd6 6. d4 exd4 7. Qxd4
Bg4 8. e5 Bxf3 9. gxf3 Qe7 10. f4 Bc5 11. Qc4 Ng4 12. Nd1 O-O 13. Be3 Nxe3
14. Nxe3 Bb6 15. O-O-O Rad8 16. Rhg1 Qh4 17. Rg2 Qh3 18. Qe4 Rxd1+ 19. Kxd1
f5 20. Qc4+ Kh8 21. Qb4 Rd8+ 22. Ke1 Bxe3 23. Qe7 Rg8 24. fxe3 Qxg2 25.
Qxc7 Qxh2 26. e6 Qg3+ 27. Kd2 Qg6 28. e7 Re8 29. Qd8 Qf7 30. b3 Qxe7 31.
Qxe7 Rxe7 32. a4 Kg8 33. Ke2 Kf7 34. Kd3 Ke6 35. Ke2 b5 36. a5 c5 37. c4
bxc4 38. bxc4 Rb7 39. Kd3 Rb4 40. e4 fxe4+ 41. Kxe4 Rxc4+ 42. Ke3 Ra4 43.
a6 Rxa6 44. Ke4 Rb6 45. f5+ Kf6 46. Kd5 h5 47. Ke4 a5 48. Kf3 a4 49. Ke3 a3
50. Ke4 a2 51. Kd5 a1=Q 52. Kc4 Qa4+ 53. Kd3 Rb3+ 54. Kc2 Qa2+ 55. Kc1 Rb1#
{ White checkmated } 0-1

[Event "ICC tourney 2580 (30 10)"]
[Site "Internet Chess Club"]
[Date "2021.05.22"]
[Round "4"]
[White "BUTENKO, ZLATA:butik666"]
[Black "Koza, Shawn:shawnkz"]
[Result "1-0"]
[ICCResult "Black checkmated"]
[WhiteElo "1051"]
[BlackElo "809"]
[Opening "Giuoco Piano"]
[ECO "C50"]
[NIC "IG.02"]
[Time "17:01:07"]
[PlyCount "131"]
[TimeControl "1800+10"]

1. e4 e5 2. Nf3 Nc6 3. Bc4 Bc5 4. O-O Nf6 5. d3 h6 6. Nc3 O-O 7. Be3 Bb6 8.
Nd2 d6 9. h3 Be6 10. Qf3 Kh8 11. Qg3 Qd7 12. Qh4 Ne8 13. Nf3 Qe7 14. Bg5 f6
15. Bd2 Nd4 16. Nxd4 Bxd4 17. Be3 Bxc3 18. Bxe6 Qxe6 19. bxc3 f5 20. f4
fxe4 21. fxe5 Rxf1+ 22. Rxf1 Qxe5 23. Bxh6 Nf6 24. Bg5+ Nh7 25. Bf4 Qxc3
26. dxe4 Qxc2 27. Be3 Qxa2 28. Bd4 Qg8 29. Rf3 Rf8 30. Rg3 Rf7 31. Qh6 c5
32. Rxg7 Rxg7 33. Bxg7+ Qxg7 34. Qxd6 c4 35. e5 Qg3 36. Qd8+ Qg8 37. Qd4
Qg7 38. Qd8+ Qf8 39. Qd4 Qc8 40. e6+ Kg8 41. Qg4+ Kh8 42. Qd4+ Nf6 43.
Qxf6+ Kg8 44. Qf7+ Kh8 45. e7 Qc5+ 46. Kh1 Qc8 47. e8=Q+ Qxe8 48. Qxe8+ Kg7
49. Qc8 b5 50. Qb7+ Kf6 51. Qxb5 c3 52. Qc4 c2 53. Qxc2 a5 54. Qa4 Ke5 55.
Qxa5+ Kd4 56. h4 Ke4 57. h5 Ke3 58. h6 Ke2 59. h7 Kf2 60. h8=Q Kf1 61. Qf5+
Ke2 62. Qe8+ Kd2 63. Qfd7+ Kc3 64. Qec8+ Kb4 65. Qdb7+ Ka5 66. Qca8# {
Black checkmated } 1-0